 Dungeon Crawl Stone Soup version 0.22-a0-247-gbddf880 (webtiles) character file.

473 Amnesiac the Cutter (level 6, -2/33 HPs)
             Began as a Deep Elf Artificer on Feb 25, 2018.
             Slain by a gnoll
             ... wielding a +0 spear
              (5 damage)
             ... on level 2 of the Dungeon.
             The game lasted 00:09:01 (2898 turns).

Amnesiac the Cutter (Deep Elf Artificer)            Turns: 2898, Time: 00:09:02

Health: -2/33      AC:  6    Str: 11    XL:     6   Next: 83%
Magic:  11/11      EV: 16    Int: 16    God:
Gold:   274        SH:  0    Dex: 15    Spells: 5/5 levels left

rFire    . . .     SeeInvis .   a - +1 dagger (elec)
rCold    . . .     Gourm    .   (no shield)
rNeg     . . .     Faith    .   q - +0 leather armour
rPois    .         Spirit   .   (no helmet)
rElec    .         Reflect  .   (no cloak)
rCorr    .         Harm     .   i - +1 pair of gloves
MR       .....                  t - +0 pair of boots
Stlth    +++.......             (no amulet)
HPRegen  0.11/turn              g - ring of flight
MPRegen  0.12/turn              y - +4 ring of evasion

@: no status effects
A: no striking features
a: Evoke Flight


You were on level 2 of the Dungeon.
You were not hungry.

You visited 2 branches of the dungeon, and saw 6 of its levels.

You collected 274 gold pieces.

Inventory:

Hand Weapons
 a - a +1 dagger of electrocution (weapon)
 b - a +2 dagger of venom
Missiles
 n - 5 needles of sleeping
Armour
 i - a +1 pair of gloves (worn)
 q - a +0 leather armour (worn)
 s - a +0 chain mail
 t - a +0 pair of boots (worn)
Jewellery
 g - a ring of flight (left hand)
 y - a +4 ring of evasion (right hand)
Wands
 c - a wand of flame (5)
 d - a wand of enslavement (12)
 e - a wand of random effects (10)
Scrolls
 h - 7 scrolls of teleportation {!r}
 k - 2 scrolls of blinking {!r}
 l - 2 scrolls of amnesia {!r}
 m - 4 scrolls of remove curse {!r}
 o - 2 scrolls of identify {!r}
 z - a scroll of immolation {!r, unknown}
 A - 2 scrolls of fog {!r, unknown}
Potions
 j - 2 potions of invisibility {!q, unknown}
 p - a potion of curing {!q, unknown}
 r - a potion of brilliance {!q, unknown}
 u - a potion of heal wounds {!q, unknown}
 v - a potion of mutation {!q}
 w - a potion of agility {!q}
Comestibles
 f - 7 rations
 x - 5 chunks of flesh


   Skills:
 - Level 0.7 Fighting
 * Level 5.4 Short Blades
 - Level 2.4 Dodging
 + Level 5.0 Stealth
 - Level 4.5 Evocations


You had 5 spell levels left.
You didn't know any spells.

Dungeon Overview and Level Annotations

Branches:
Dungeon (5/15)             Temple (1/1) D:5

Altars:
Ashenzari
Dithmenos
Fedhas
Hepliaklqana
Makhleb
Nemelex Xobeh
Okawaru
Qazlal
Sif Muna
Uskayaw
Vehumet
Wu Jian
Zin
The Shining One


Message History

a club; a hobgoblin corpse You butcher the hobgoblin corpse.
x - 5 chunks of flesh (gained 3)
You see here a club. x2
Found a stone staircase leading down.
No target in view! 3 gnolls come into view.
Found 16 gold pieces.
There are monsters nearby!
There are monsters nearby!
A gnoll comes into view. It is wielding a spear.
Found a stone staircase leading up.
Found 20 stones.
The helpless gnoll fails to defend itself.
You skewer the gnoll like a kebab!!! Lightning courses through the gnoll!
You kill the gnoll!
Your Stealth skill increases to level 5!
The gnoll shouts! x3
The gnoll misses you. The gnoll barely misses you.
You hear a shout!
You hit the gnoll but do no damage. The gnoll hits you with a spear.
The gnoll barely misses you.
A kobold comes into view. It is wielding a club.
The gnoll misses you. The gnoll misses you.
You hit the gnoll.
The gnoll is moderately wounded.
You barely miss the gnoll.
The gnoll is moderately wounded.
The gnoll misses you. The gnoll hits you with a club.
You hit the gnoll but do no damage.
The gnoll is moderately wounded.
You completely miss the gnoll.
The gnoll is moderately wounded.
The gnoll misses you. The gnoll closely misses you.
The gnoll barely misses you.
You hit the gnoll but do no damage.
The gnoll is moderately wounded.
The gnoll hits you with a club. The gnoll closely misses you.
The gnoll completely misses you.
You hit the gnoll. Lightning courses through the gnoll!
You kill the gnoll!
You hit the gnoll.
The gnoll is moderately wounded.
The kobold throws a stone.
The stone hits you but does no damage. The gnoll hits you but does no damage.
The gnoll completely misses you. The kobold misses you.
There is a stone staircase leading up here.
You see here a halberd.
You barely miss the kobold. The kobold closely misses you.
The gnoll barely misses you. The gnoll hits you with a spear!
* * * LOW HITPOINT WARNING * * *
The kobold barely misses you.
You hit the gnoll.
The gnoll is moderately wounded.
Your leather armour prevents you from hitting the gnoll.
The gnoll is moderately wounded.
The gnoll hits you with a spear!
* * * LOW HITPOINT WARNING * * *
The kobold completely misses you. The gnoll hits you with a club!
* * * LOW HITPOINT WARNING * * *
The gnoll hits you with a spear.
You die...

# ############### #
#.............
####### #...........#
......###........#..#
......'.'.........>.#
......###.)......#(.#
......# ######..g#g##
......# #......@.K##
......# #..........#
......# #.......)..#
####### #......$...#
#..........#
#..........#
#.........##
...........
....(.....#.


You could see 2 gnolls and a kobold.

Vanquished Creatures
  A water moccasin skeleton (D:5)
  A scorpion (D:4)
  An orc priest (D:4)
  2 orc wizards (D:4)
  2 bullfrog skeletons
  A worker ant (D:3)
  6 gnolls
  7 adders
  A shadow imp (D:5)
  An ooze (D:2)
  An adder skeleton (D:4)
  2 worms
  2 leopard geckos
  11 orcs
  A ball python (D:3)
  A giant cockroach (D:3)
  3 goblins
  3 hobgoblins
  7 jackals (D:3)
  4 kobolds
  A bat (D:3)
  A frilled lizard (D:4)
  4 rats
64 creatures vanquished.

Vanquished Creatures (collateral kills)
  A worker ant (D:5)
1 creature vanquished.

Vanquished Creatures (others)
  An orc priest (D:4)
  A hobgoblin (D:3)
2 creatures vanquished.

Grand Total: 67 creatures vanquished

Notes
Turn   | Place    | Note
-------+----------+-------------------------------------------
     0 | D:1      | Amnesiac the Deep Elf Artificer began the quest for the Orb.
     0 | D:1      | Reached XP level 1. HP: 11/11 MP: 5/5
   129 | D:3      | Reached XP level 2. HP: 16/16 MP: 7/7
   312 | D:4      | Reached XP level 3. HP: 20/20 MP: 8/8
   466 | D:4      | Reached XP level 4. HP: 24/24 MP: 9/9
   920 | D:4      | Reached XP level 5. HP: 22/28 MP: 10/10
  1617 | D:5      | Entered Level 5 of the Dungeon
  1645 | D:5      | Reached XP level 6. HP: 24/33 MP: 11/11
  1914 | D:5      | Found a staircase to the Ecumenical Temple.
  1919 | Temple   | Entered the Ecumenical Temple
  2238 | D:3      | Reached skill level 5 in Short Blades
  2879 | D:2      | Reached skill level 5 in Stealth
  2898 | D:2      | Slain by a gnoll

Vault maps used:
D:1:      dpeg_arrival_renting, patterned_corridor
D:2:      first_ration
D:3:      kennysheep_big_flooded_room
D:4:      nrook_mini_vaults, minmay_unequal
D:5:      cheibrodos_quashed, minmay_temple_entry_nine_rooms
Temple:   zaba_magenta_temple

Skill      XL: |  1  2  3  4  5  6 |
---------------+-------------------+-----
Evocations     | 4 |  4.5
Short Blades   | 2 3 4 5 |  5.4
Stealth        | 2 3 4 5 |  5.0
Fighting       | |  0.7
Dodging        | |  2.4

Action                   |  1- 3 |  4- 6 || total
-------------------------+-------+-------++-------
Melee: Short sword       |     5 |       ||     5
       Dagger            |    10 |   199 ||   209
Evoke: Wand              |    11 |     7 ||    18
  Use: Scroll            |       |     8 ||     8
 Stab: Sleeping          |     1 |     5 ||     6
       Distracted        |       |     1 ||     1
  Eat: Chunk             |       |     3 ||     3
       Ration            |       |     1 ||     1
Armor: Leather armour    |     3 |    25 ||    28
       Chain mail        |       |    14 ||    14
Dodge: Dodged            |     4 |    99 ||   103

Table legend:
 A = Spawn XP
 B = Non-spawn XP
 C = Spawn XP percentage of total XP
 D = Spawn monster count
 E = Non-spawn monster count
 F = Spawn count percentage of total count
 G = Total turns spent on level
                    A         B        C        D         E        F      G
               +---------+---------+-------+---------+---------+-------+---------
         Total |       0 |     676 |   0.0 |       0 |      65 |   0.0 |  2898
               +---------+---------+-------+---------+---------+-------+---------
           D:2 |       0 |      42 |   0.0 |       0 |       8 |   0.0 |   283
           D:3 |       0 |     152 |   0.0 |       0 |      30 |   0.0 |   547
           D:4 |       0 |     328 |   0.0 |       0 |      21 |   0.0 |  1456
           D:5 |       0 |     154 |   0.0 |       0 |       6 |   0.0 |   480
               +---------+---------+-------+---------+---------+-------+---------
